 Dungeon Crawl Stone Soup version 0.31.0-9-g3a7656b989 (webtiles) character file.

Game seed: 16325652254071479659

4779 Xavori the Carver (level 10, -48/79 HPs)
             Began as a Djinni Chaos Knight on Jan 25, 2024.
             Was a Plaything of Xom.
             Killed from afar by an ironbound thunderhulk (64 damage)
             ... with a bolt of lightning
             ... summoned by a worldbinder
             ... on level 1 of the Abyss.
             The game lasted 00:10:48 (20380 turns).

Xavori the Carver (Djinni Chaos Knight)            Turns: 20380, Time: 00:10:48

Health: -48/79     AC: 16    Str: 10    XL:     10   Next: 75%
Gold:   405        EV: 18    Int: 17    God:    Xom [..*...] SH:  0 Dex: 25

rFire   + + +        w - +4 falchion "Cyigoisi" {spect, rF+ rN+ Dex+4}
rCold   x x .        (no shield)
rNeg    + . .        t - +3 leather armour {rF+}
rPois   ∞            x - +0 helmet
rElec   .            r - scarf {rC+ rF+}
rCorr   +            (no gloves)
SInv    .            (boots unavailable)
Will    +....        p - amulet of Elemental Vulnerability {rPois rF-- rC-- AC+8}
Stlth   ++           m - ring of resist corrosion
HPRegen 0.33/turn    E - +6 ring of intelligence
MPRegen 0.00/turn

%: clarity, infuse magic (-49 HP)
@: attractive, on blink cooldown, flying, hasted, very quick
A: sickness immunity, fire resistance 2, cold vulnerability 1, float, innate
caster, HP casting, extra vitality 1, claws 1, iridescent scales 1, agile 1,
clarity, deformed body, dopey 1, robust 1, inability to drink after injury 1
a: Renounce Religion


You were on level 1 of the Abyss.
You worshipped Xom.
You were a toy of Xom.
You visited 1 branch of the dungeon, and saw 7 of its levels.
You visited the Abyss 1 time.
You also visited: Sewer.

You collected 573 gold pieces.
You spent 168 gold pieces at shops.

Inventory:

Hand Weapons
 w - the +4 falchion "Cyigoisi" (weapon) {spect, rF+ rN+ Dex+4}
   (You bought it in a shop on level 5 of the Dungeon)

   Dex+4:     It affects your dexterity (+4).
   rF+:       It protects you from fire.
   rN+:       It protects you from negative energy.
Armour
 r - a scarf of resistance (worn)
 t - a +3 leather armour of fire resistance (worn)
 x - a +0 helmet (worn)
Jewellery
 m - a ring of resist corrosion (left claw)
 p - the amulet of Elemental Vulnerability (around neck) {rPois rF-- rC-- AC+8}
   (You found it on level 3 of the Dungeon)

   [amulet of nothing]

   AC+8:      It affects your AC (+8).
   rF--:      It makes you very vulnerable to fire.
   rC--:      It makes you very vulnerable to cold.
   rPois:     It protects you from poison
 E - a +6 ring of intelligence (right claw)
Wands
 a - a wand of paralysis (9)
 b - a wand of roots (5)
Scrolls
 c - a scroll of butterflies
 f - 4 scrolls of fear
 g - 2 scrolls of teleportation
 l - a scroll of blinking
 q - a scroll of acquirement {unknown}
 s - 2 scrolls of enchant weapon
 z - a scroll of torment {unknown}
 A - a scroll of poison {unknown}
 C - a scroll of summoning {unknown}
 G - a scroll of noise {unknown}
Potions
 d - a potion of invisibility {unknown}
 e - 6 potions of heal wounds
 h - 2 potions of might {unknown}
 i - a potion of attraction {unknown}
 j - 3 potions of curing
 o - a potion of haste {unknown}
 u - a potion of resistance {unknown}
 v - 2 potions of enlightenment
 B - a potion of brilliance {unknown}
 F - a potion of ambrosia {unknown}


   Skills:
 + Level 6.0 Fighting
 + Level 8.7 Long Blades
 + Level 5.0 Armour
 + Level 7.9 Dodging
 * Level 4.9 Spellcasting
 * Level 4.9 Conjurations
 * Level 4.9 Hexes
 * Level 4.9 Summonings
 * Level 4.9 Necromancy
 * Level 4.9 Translocations
 * Level 4.9 Fire Magic
 * Level 4.9 Ice Magic
 * Level 4.9 Air Magic
 * Level 4.9 Earth Magic
 * Level 4.9 Alchemy
 + Level 1.4 Evocations


You knew the following spells:

 Your Spells              Type           Power      Damage    Failure   Level
a - Necrotise             Necr           84%        1d8       2%          1
b - Blink                 Tloc           42%        N/A       3%          2
c - Mercury Vapours       Alch/Air       42%        N/A       3%          2
d - Volatile Blastmotes   Fire/Tloc      42%        2d13      8%          3
Your spell library was empty.

Dungeon Overview and Level Annotations

Branches:
Dungeon (7/15)             Temple (0/1) D:4           Sewer (visited)

Altars:
Fedhas
Trog
Xom

Shops:
D:5 ((   D:6 ?*

Annotations:
D:6 2 transporters
D:7 1 runed translucent door, Crazy Yiuf


Innate Abilities, Weirdness & Mutations

You are immune to sickness and miasma.
You are immune to poison.
Your flesh is very heat resistant. (rF++)
You are vulnerable to cold. (rC-)
You float through the air rather than walking.
You learn spells naturally, not from books.
Your magical power is your life essence.
You have superior vitality. (+4 MHP)
You have sharp fingernails.
You are partially covered in iridescent scales. (AC +2)
You are agile. (Dex +4, Str/Int -1)
You possess an exceptional clarity of mind.
Armour fits poorly on your strangely shaped body.
You are dopey. (Int -2)
You are robust. (+10% HP)
You occasionally lose the ability to drink potions when taking damage.


Message History

Your +4 falchion "Cyigoisi" {spect, rF+ rN+ Dex+4} hits the efreet!
The efreet completely misses you.
You hit the efreet.
The efreet is moderately wounded.
Your +4 falchion "Cyigoisi" {spect, rF+ rN+ Dex+4} barely misses the efreet.
Your +4 falchion "Cyigoisi" {spect, rF+ rN+ Dex+4} is engulfed in blazing flames.
You barely miss the efreet.
The efreet is moderately wounded.
Your +4 falchion "Cyigoisi" {spect, rF+ rN+ Dex+4} hits the efreet! "Go forth and cause havoc, mortal!"
You feel attractive to monsters.
The efreet hits you with a +0 scimitar of flaming.
The worldbinder calls forth creatures from the Vaults!
The purple very ugly thing is attracted toward you.
The ancient zyme is attracted toward you.
Your +4 falchion "Cyigoisi" {spect, rF+ rN+ Dex+4} disappears.
The efreet closely misses you.
The purple very ugly thing is attracted toward you.
The ancient zyme is attracted toward you.
The ironbound thunderhulk is attracted toward you.
Electricity crackles from the ironbound thunderhulk's apparatus.
The bolt of lightning hits you!!!
Ouch! That really hurt!
* * * LOW HITPOINT WARNING * * *
The purple very ugly thing is attracted toward you.
The worldbinder is attracted toward you.
The ancient zyme is attracted toward you.
The ironbound thunderhulk is attracted toward you.
You almost hear Xom's maniacal laughter.
Tendrils of electricity crawl over the metal wall!
The efreet gestures at you.
The fireball explodes!
The fireball engulfs you. You resist.
* * * LOW HITPOINT WARNING * * *
The purple very ugly thing is attracted toward you.
The worldbinder is attracted toward you.
Electricity crackles from the ironbound thunderhulk's apparatus.
The bolt of lightning hits you!!!
Ouch! That really hurt!
You die...
Xom titters!

. # . .. ####
.... #..# .....#
#.# ### . . #.#
#.. ... #@# ##.#
##.## ##.
##.u.###...##
##.xxR.#..... .
##...§O..........
#.#.§§§.#.....#..
####§§.###... #
... ##§## #.## #
# #..§# ... ..


You could see a purple very ugly thing (summoned), an ironbound thunderhulk
(summoned), an ancient zyme, a worldbinder and an efreet.

Vanquished Creatures
  A tentacled starspawn (Abyss:1)
  A two-headed ogre (D:7)
  Pikel (D:4)
  A large abomination (Abyss:1)
  Sigmund (D:4)
  Eustachio (D:4)
  2 sky beasts
  2 ice beasts (D:6)
  A small abomination (Abyss:1)
  2 ogres
  A centaur (D:5)
  A phantom (D:5)
  A kobold brigand (Sewer)
  A bullfrog (D:6)
  A gnoll sergeant (D:6)
  2 scorpions (D:5)
  2 killer bees (D:7)
  2 howler monkeys (D:7)
  2 bombardier beetles
  2 hounds (D:5)
  2 jellies
  A quasit (Abyss:1)
  An orc priest (D:5)
  3 iguanas
  3 sleepcaps
  5 orc wizards
  6 gnolls
  3 adders
  A river rat (Sewer)
  A white imp (D:7)
  3 ribbon worms
  13 orcs
  10 ball pythons
  2 bats (D:1)
  4 endoplasms
  6 giant cockroaches
  5 goblins
  7 hobgoblins
  18 jackals
  6 quokkas
  2 frilled lizards (D:1)
  11 kobolds
  11 rats
  2 starspawn tentacles (Abyss:1)
154 creatures vanquished.

Vanquished Creatures (collateral kills)
  A killer bee (D:7)
  An iguana (D:5)
  An adder (D:5)
  A hobgoblin (D:3)
  A jackal (D:1)
  A ball python (D:1)
6 creatures vanquished.

Vanquished Creatures (others)
  A human (D:6)
  A starspawn tentacle (Abyss:1)
2 creatures vanquished.

Grand Total: 162 creatures vanquished

Notes
Turn   | Place    | Note
-------+----------+-------------------------------------------
     0 | D:1      | Xavori the Djinni Chaos Knight began the quest for the Orb.
     0 | D:1      | Reached XP level 1. HP: 20/20 MP: 0/0
   166 | D:1      | Reached XP level 2. HP: 14/25 MP: 0/0
   180 | D:1      | XOM: silly message
   181 | D:1      | XOM: potion effect (curing)
   247 | D:1      | XOM: potion effect (brilliance)
   274 | D:1      | XOM: enchant monster (bad)
   284 | D:1      | XOM: summons friendly shadow imp
   286 | D:1      | Reached XP level 3. HP: 10/30 MP: 0/0
   286 | D:1      | Learned a level 1 spell: Necrotise
   422 | D:1      | Reached skill level 3 in Long Blades
   576 | D:1      | Found a faded altar of an unknown god.
   576 | D:1      | XOM: 8-stop teleportation journey
   724 | D:1      | Reached XP level 4. HP: 35/35 MP: 0/0
  2865 | D:1      | XOM: give mutations
  2865 | D:1      | Gained mutation: Your muscles are strong. (Str +4, Int/Dex
                  | -1) [Xom's mischief]
  2865 | D:1      | Lost mutation: Your muscles are strong. (Str +4, Int/Dex
                  | -1) [Xom's mischief]
  2865 | D:1      | Gained mutation: You are agile. (Dex +4, Str/Int -1) [Xom's
                  | mischief]
  2865 | D:1      | Lost mutation: You are agile. (Dex +4, Str/Int -1) [Xom's
                  | mischief]
  3016 | D:1      | XOM: summons 2 hostile shadow creatures
  3143 | D:2      | XOM: 1-stop teleportation journey
  3406 | D:1      | XOM: scenery: summon butterflies
  3499 | D:1      | XOM: give mutation
  3499 | D:1      | Gained mutation: Armour fits poorly on your strangely
                  | shaped body. [Xom's mischief]
  3984 | D:1      | XOM is BORED!
  3984 | D:1      | XOM: noise
  5665 | D:1      | XOM is BORED!
  5665 | D:1      | XOM: give mutations
  5665 | D:1      | Gained mutation: Your spells are a little easier to cast,
                  | but a little less powerful. [Xom's mischief]
  5665 | D:1      | Gained mutation: You are clumsy. (Dex -2) [Xom's mischief]
  5665 | D:1      | Gained mutation: You occasionally lose the ability to drink
                  | potions when taking damage. [Xom's mischief]
  5794 | D:1      | XOM: noise
  5904 | D:1      | XOM: give mutations
  5904 | D:1      | Gained mutation: You are dopey. (Int -2) [Xom's mischief]
  5904 | D:1      | Gained mutation: You possess an exceptional clarity of
                  | mind. [Xom's mischief]
  6011 | D:1      | XOM: torment (19/35 hp)
  6148 | D:1      | XOM: scenery: summon butterflies
  6199 | D:1      | XOM: summons 1 hostile demon
  6762 | D:1      | XOM: give mutation
  6762 | D:1      | Gained mutation: Your muscles are strong. (Str +4, Int/Dex
                  | -1) [Xom's grace]
  6932 | D:1      | XOM: stat loss: -1 Str (14/15)
  7112 | D:1      | XOM: cloud trail
  7436 | D:1      | XOM: god gift: scroll labelled XAFEJA LI HESKAF {god gift}
  8128 | D:1      | XOM: give mutations
  8128 | D:1      | Gained mutation: Your flesh is almost immune to the effects
                  | of heat. (rF+++) [Xom's grace]
  8128 | D:1      | Gained mutation: You are strong-willed. (Will+) [Xom's
                  | grace]
  8128 | D:1      | Gained mutation: You have a somewhat thin skeletal
                  | structure. (Dex +2, Stealth+) [Xom's grace]
  8411 | D:2      | XOM: give mutations
  8411 | D:2      | Gained mutation: You are frail. (-10% HP) [Xom's mischief]
  8411 | D:2      | Lost mutation: You are clumsy. (Dex -2) [Xom's mischief]
  8411 | D:2      | Lost mutation: Your flesh is almost immune to the effects
                  | of heat. (rF+++) [Xom's mischief]
  8722 | D:2      | XOM: scenery: create altars
  8752 | D:2      | XOM is BORED!
  8752 | D:2      | XOM: noise
  8893 | D:2      | XOM: 2-stop teleportation journey
  8965 | D:2      | XOM: noise
  9157 | D:2      | XOM: give mutations
  9157 | D:2      | Lost mutation: You have a somewhat thin skeletal structure.
                  | (Dex +2, Stealth+) [Xom's mischief]
  9157 | D:2      | Lost mutation: You are frail. (-10% HP) [Xom's mischief]
  9194 | D:2      | XOM: god gift: scroll labelled OPIETR WIFUFYLL {god gift}
  9277 | D:2      | XOM: scenery: summon butterflies
  9452 | D:2      | XOM: give mutation
  9903 | D:2      | XOM: give mutation
  9903 | D:2      | Gained mutation: You are partially covered in iridescent
                  | scales. (AC +2) [Xom's grace]
 10009 | D:2      | XOM: cloud trail
 10144 | D:2      | XOM is BORED!
 10202 | D:2      | XOM: summons 1 hostile demon
 10274 | D:3      | XOM: cloud trail
 10455 | D:2      | XOM: cloud trail
 10554 | D:2      | XOM: scenery: summon butterflies
 10642 | D:2      | XOM: summons 1 hostile demon
 10652 | D:3      | XOM: god gift: wand of light (3)
 10777 | D:3      | XOM: 7-stop teleportation journey
 10869 | D:3      | Found the amulet of Elemental Vulnerability {rPois rF--
                  | rC-- AC+8}
 10965 | D:3      | XOM: summons friendly ufetubus
 10972 | D:3      | Reached skill level 1 in Spellcasting
 10972 | D:3      | Reached skill level 1 in Conjurations
 10972 | D:3      | Reached skill level 1 in Hexes
 10972 | D:3      | Reached skill level 1 in Summonings
 10972 | D:3      | Reached skill level 1 in Necromancy
 10972 | D:3      | Reached skill level 1 in Translocations
 10972 | D:3      | Reached skill level 1 in Fire Magic
 10972 | D:3      | Reached skill level 1 in Ice Magic
 10972 | D:3      | Reached skill level 1 in Air Magic
 10972 | D:3      | Reached skill level 1 in Earth Magic
 10972 | D:3      | Reached skill level 1 in Alchemy
 10972 | D:3      | Reached XP level 5. HP: 25/40 MP: 0/0
 10972 | D:3      | Learned a level 2 spell: Blink
 11395 | D:2      | XOM: god gift: staff of alchemy
 11508 | D:2      | XOM: cloud trail
 11611 | D:2      | XOM: god gift: 15 gold pieces
 12204 | D:2      | XOM: scenery: create altars
 12283 | D:2      | XOM: stat loss: -1 Dex (12/13)
 12564 | D:2      | XOM: summons 1 hostile demon
 13393 | D:2      | XOM: god gift: embroidered scarf {god gift}
 13794 | D:2      | XOM: silly message
 13953 | D:2      | XOM: divination: detect items
 14607 | D:2      | XOM: noise
 14687 | D:2      | XOM: divination: detect creatures
 15688 | D:2      | XOM: silly message
 15826 | D:2      | XOM is BORED!
 15826 | D:2      | XOM: noise
 16060 | D:2      | XOM: silly message
 16071 | D:2      | XOM: silly message
 16258 | D:4      | Noticed Eustachio
 16271 | D:4      | XOM: potion effect (might)
 16292 | D:4      | XOM: silly message
 16560 | D:4      | XOM: enchant monster (good)
 16566 | D:4      | Killed Eustachio
 16567 | D:4      | Reached skill level 4 in Long Blades
 16567 | D:4      | Reached XP level 6. HP: 46/46 MP: 0/0
 16641 | D:4      | Noticed an ogre
 16643 | D:4      | XOM: summons 6 friendly demons
 16651 | D:4      | Killed an ogre
 16652 | D:4      | Reached XP level 7. HP: 51/51 MP: 0/0
 16652 | D:4      | Learned a level 2 spell: Mercury Vapours
 16734 | D:4      | Noticed Sigmund
 16734 | D:4      | XOM: divination: detect creatures
 16745 | D:4      | Killed Sigmund
 16936 | D:4      | Found a blossoming altar of Fedhas.
 16974 | D:4      | XOM: destruction
 17069 | D:4      | XOM: enchant monster (good)
 17098 | D:4      | Found a staircase to the Ecumenical Temple.
 17115 | D:4      | XOM: blink monster(s)
 17115 | D:4      | Noticed Pikel
 17134 | D:4      | XOM: cast spell 'Alistair's Intoxication'
 17138 | D:4      | XOM: divination: detect creatures
 17141 | D:4      | Killed Pikel
 17142 | D:4      | Reached skill level 5 in Long Blades
 17142 | D:4      | Reached skill level 5 in Dodging
 17142 | D:4      | Reached XP level 8. HP: 40/58 MP: 0/0
 17239 | D:5      | Entered Level 5 of the Dungeon
 17251 | D:5      | XOM: enchant monster (bad)
 17266 | D:5      | XOM: confuse monster(s)
 17436 | D:5      | XOM: smoke on damage
 17456 | D:5      | XOM: cleaving
 17462 | D:5      | XOM: cast spell 'Monstrous Menagerie'
 17522 | D:5      | Found Kinueng's Weapon Shoppe.
 17525 | D:5      | XOM: swap monsters
 17600 | D:5      | Reached skill level 6 in Long Blades
 17633 | D:5      | Reached XP level 9. HP: 57/63 MP: 0/0
 17633 | D:5      | Learned a level 3 spell: Volatile Blastmotes
 17653 | D:5      | Found a glowing drain.
 17673 | Sewer    | Entered a sewer
 17797 | Sewer    | Found a white marble altar of Elyvilon.
 17903 | D:5      | XOM: give mutations
 17903 | D:5      | Gained mutation: You are robust. (+10% HP) [Xom's mischief]
 17903 | D:5      | Lost mutation: Your spells are a little easier to cast, but
                  | a little less powerful. [Xom's mischief]
 17903 | D:5      | Gained mutation: Your body sometimes deteriorates upon
                  | taking damage. [Xom's mischief]
 17971 | D:5      | Found Uskeun Hiof's Antique Weapon Boutique.
 17974 | D:5      | Bought a shimmering falchion for 168 gold pieces
 17974 | D:5      | Identified the +4 falchion "Cyigoisi" {spect, rF+ rN+
                  | Dex+4} (You bought it in a shop on level 5 of the Dungeon)
 18136 | D:5      | Reached skill level 5 in Fighting
 18284 | D:5      | XOM: give mutations
 18284 | D:5      | Gained mutation: You have sharp fingernails. [Xom's
                  | mischief]
 18284 | D:5      | Lost mutation: You are strong-willed. (Will+) [Xom's
                  | mischief]
 18572 | D:6      | Reached skill level 7 in Long Blades
 18573 | D:6      | XOM: cleaving
 18615 | D:6      | XOM: summons 4 hostile shadow creatures
 18641 | D:6      | XOM: silly message
 18792 | D:6      | Found Vag Ogoz's General Store.
 18851 | D:6      | Found Cocir's Magic Scroll Emporium.
 18924 | D:6      | Found a transporter.
 18971 | D:6      | Found a transporter.
 19092 | D:6      | Found a bloodstained altar of Trog.
 19192 | D:6      | XOM: give mutations
 19192 | D:6      | Lost mutation: Your muscles are strong. (Str +4, Int/Dex
                  | -1) [Xom's mischief]
 19192 | D:6      | Lost mutation: Your body sometimes deteriorates upon taking
                  | damage. [Xom's mischief]
 19192 | D:6      | Gained mutation: You are agile. (Dex +4, Str/Int -1) [Xom's
                  | mischief]
 19392 | D:6      | XOM: stat loss: -1 Str (9/10)
 19489 | D:7      | XOM: silly message
 19570 | D:7      | Noticed a two-headed ogre
 19810 | D:7      | Found a runed translucent door.
 19811 | D:7      | Noticed Crazy Yiuf
 19901 | D:7      | XOM: scenery: summon butterflies
 19905 | D:7      | XOM: silly message
 19927 | D:7      | XOM: summons friendly smoke demon
 19934 | D:7      | Killed a two-headed ogre
 19935 | D:7      | Reached skill level 8 in Long Blades
 19935 | D:7      | Reached XP level 10. HP: 59/79 MP: 0/0
 20044 | D:7      | XOM: summons 3 hostile shadow creatures
 20099 | D:7      | XOM: 1-stop teleportation journey
 20241 | Abyss:1  | Cast into level 1 of the Abyss (Xom)
 20275 | Abyss:1  | Noticed a wretched star
 20312 | Abyss:1  | Noticed a large abomination
 20320 | Abyss:1  | Killed a large abomination
 20333 | Abyss:1  | Reached skill level 5 in Armour
 20345 | Abyss:1  | Noticed a vampire mage
 20356 | Abyss:1  | Noticed a tentacled starspawn
 20364 | Abyss:1  | XOM: potion effect (haste)
 20371 | Abyss:1  | Noticed an efreet
 20372 | Abyss:1  | Noticed a worldbinder
 20373 | Abyss:1  | Killed a tentacled starspawn
 20374 | Abyss:1  | Reached skill level 1 in Evocations
 20374 | Abyss:1  | Noticed a purple very ugly thing
 20376 | Abyss:1  | XOM: potion effect (attraction)
 20377 | Abyss:1  | Noticed an ironbound thunderhulk
 20379 | Abyss:1  | XOM: silly message
 20380 | Abyss:1  | Killed from afar by an ironbound thunderhulk

Illustrated notes

Levels and vault maps discovered:
D:1:      dpeg_chamrin_arrival_tetris, layout_basic,
          ebering_ecumenical_altar_abandoned, minmay_pentomino_w2
D:2:      layout_rooms, serial_glass, glass_columns_c, glass_columns_a,
          kennysheep_generic_room_13
D:3:      layout_loops_ring
D:4:      layout_loops_cross, mainiacjoe_overflow_boulevard,
          minmay_temple_entry_nine_rooms, uniq_eustachio, uniq_sigmund,
          uniq_pikel
D:5:      layout_loops_ring, cheibrodos_sewer_entry_bend, serial_shops,
          nicolae_shop_bloodbath_and_beyond, kennysheep_mini,
          saegor_snake_ambush
D:6:      gammafunk_steamed_eel, layout_basic, tgw_kikubaaqudgha,
          nicolae_overflow_crystal_walls, serial_shops, shop, shop
D:7:      layout_basic, uniq_crazy_yiuf_cottage
Abyss:1:  base: D:2, evilmike_abyss_exit_15

Skill      XL: |  1  2  3  4  5  6  7  8  9 10 |
---------------+-------------------------------+-----
Long Blades    | 3 4 5 6 8 |  8.7
Dodging        | 3 5 7 |  7.9
Armour         | 2 3 4 5 |  5.0
Spellcasting   | 1 2 3 4 |  4.9
Conjurations   | 1 2 3 4 |  4.9
Hexes          | 1 2 3 4 |  4.9
Summonings     | 1 2 3 4 |  4.9
Necromancy     | 1 2 3 4 |  4.9
Translocations | 1 2 3 4 |  4.9
Fire Magic     | 1 2 3 4 |  4.9
Ice Magic      | 1 2 3 4 |  4.9
Air Magic      | 1 2 3 4 |  4.9
Earth Magic    | 1 2 3 4 |  4.9
Alchemy        | 1 2 3 4 |  4.9
Fighting       | 4 5 6 |  6.0
Evocations     | 1 |  1.4

Action                     |  1- 3 |  4- 6 |  7- 9 | 10-12 || total
---------------------------+-------+-------+-------+-------++-------
  Melee: Falchion          |   104 |   156 |   322 |    33 ||   615
         Punch             |     2 |     2 |     7 |     2 ||    13
   Cast: Mercury Vapours   |       |       |    11 |       ||    11
         Blink             |       |       |     1 |     1 ||     2
  Evoke: Wand              |       |       |       |     8 ||     8
    Use: Scroll            |       |     2 |     5 |     1 ||     8
         Potion            |       |       |     1 |     1 ||     2
   Stab: Sleeping          |     1 |       |     2 |       ||     3
         Paralysed         |       |     1 |     2 |       ||     3
         Distracted        |       |     1 |     2 |       ||     3
         Petrified         |       |     2 |    16 |       ||    18
         Petrifying        |       |       |     1 |       ||     1
 Armour: Leather armour    |   167 |   125 |   186 |    18 ||   496
  Dodge: Dodged            |   177 |   161 |   220 |    39 ||   597
